 Dungeon Crawl Stone Soup version 0.23-a0-619-g281719c6f9 (webtiles) character file.

2333 HereIgoKillingAgain the Ruffian (level 9, -4/69 HPs)
             Began as a Demonspawn Gladiator on Dec 23, 2018.
             Was a Priest of Cheibriados.
             Killed from afar by a gnoll (24 damage)
             ... with an exploding inner flame
             ... hexed by the player character
             ... on level 6 of the Dungeon.
             The game lasted 00:07:45 (4273 turns).

HereIgoKillingAgain the Ruffian (DsGl)              Turns: 4273, Time: 00:07:45

Health: -4/69      AC:  8    Str: 23    XL:     9   Next: 19%
Magic:  0/15       EV: 16    Int: 19    God:    Cheibriados [***...]
Gold:   291        SH:  0    Dex: 21    Spells: 8/8 levels left

rFire    . . .     SeeInvis .     - Unarmed
rCold    . . .     Gourm    .   (no shield)
rNeg     . . .     Faith    .   b - +0 leather armour
rPois    .         Spirit   +   c - +1 helmet
rElec    .         Reflect  .   a - +0 cloak
rCorr    .         Harm     .   (no gloves)
MR       +....                  (no boots)
Stlth    +.........             l - amulet of regeneration
HPRegen  0.61/turn              (no ring)
MPRegen  0.14/turn              (no ring)

@: very slow
A: hooves 2, slimy green scales 1, high mp 1, magic resistance 1, magic shield,
rot immunity
a: Bend Time, Temporal Distortion, Renounce Religion


You were on level 6 of the Dungeon.
You worshipped Cheibriados.
Cheibriados was most pleased with you.
You were hungry.

You visited 1 branch of the dungeon, and saw 6 of its levels.

You collected 291 gold pieces.

Inventory:

Missiles
 i - a throwing net (quivered)
Armour
 a - a +0 cloak (worn)
 b - a +0 leather armour (worn)
 c - a +1 helmet (worn)
Jewellery
 l - an amulet of regeneration (around neck)
Wands
 e - a wand of enslavement (10)
 k - a wand of disintegration (13)
Scrolls
 d - a scroll of blinking {unknown}
 g - 4 scrolls of remove curse
 h - 3 scrolls of teleportation
Potions
 j - 2 potions of flight
 m - a potion of curing
 n - a potion of agility
 o - a potion of ambrosia
Comestibles
 f - 8 rations


   Skills:
 + Level 5.7 Fighting
   Level 3.3 Staves
 - Level 1.7 Throwing
 * Level 5.5 Dodging
 + Level 7.0 Unarmed Combat
 * Level 6.8 Invocations


You had 8 spell levels left.
You didn't know any spells.
Your spell library was empty.

Dungeon Overview and Level Annotations

Branches:
Dungeon (6/15)
 Temple: D:4-7

Altars:
Ashenzari
Cheibriados
Kikubaaqudgha
Qazlal
Ru
Trog
Zin

Shops:
D:5 :


Innate Abilities, Weirdness & Mutations

You have hoof-like feet.
You are partially covered in slimy green scales. (AC +2)
When hurt, damage is shared between your health and your magic reserves.
You are immune to rotting.
You have an increased reservoir of magic. (+10% MP)
You are resistant to hostile enchantments. (MR+)


Message History

The puff of frost hits you! The gnoll completely misses you. x2
Menkaure hits you but does no damage. The orc closely misses you.
You punch Menkaure!
Menkaure explodes!
The fiery explosion engulfs the orc.
The orc explodes!
The fiery explosion engulfs the orc.
The orc explodes!
The fiery explosion engulfs the gnoll.
The gnoll explodes!
The fiery explosion engulfs the orc wizard.
The orc wizard explodes!
The fiery explosion engulfs the gnoll.
The gnoll explodes!
The fiery explosion engulfs you!
* * * LOW HITPOINT WARNING * * *
The fiery explosion engulfs the gnoll.
The gnoll explodes!
The fiery explosion engulfs you!
You die...

#.........#
#.........#
#.........#
#.........#
#....§§§§.#
#....§§§§.######
#...§§§§oo.....#
#....§§@§......#
#..$.§§§.......#
##########.....#
#.....# #.....#
########.....#
.......'.....+
.#######.....#
####+#######.....#


You could see 2 orcs.

Vanquished Creatures
  Pikel (D:5)
  Prince Ribbit (D:5)
  Grinder (D:4)
  A slave (D:5)
  2 ice beasts
  3 ogres
  A centaur (D:5)
  A bullfrog (D:6)
  3 scorpions
  A water moccasin skeleton (D:4)
  A crimson imp (D:5)
  2 jellies
  2 bullfrog skeletons
  An orc priest (D:5)
  4 hounds
  Natasha (twice) (D:3)
  An iguana (D:6)
  3 orc wizards
  2 worker ants
  Robin (D:3)
  4 gnolls (D:5)
  5 adders
  An adder skeleton (D:4)
  A worm (D:2)
  A dart slug (D:1)
  3 leopard geckos
  9 orcs
  A ball python (D:5)
  3 giant cockroaches
  13 goblins
  11 hobgoblins
  5 jackals
  4 kobolds
  2 quokkas
  10 bats
  8 frilled lizards
  6 rats
121 creatures vanquished.

Vanquished Creatures (others)
  A howler monkey (D:5)
  2 jackals (D:4)
3 creatures vanquished.

Grand Total: 124 creatures vanquished

Notes
Turn   | Place    | Note
-------+----------+-------------------------------------------
     0 | D:1      | HereIgoKillingAgain the Demonspawn Gladiator began the
                  | quest for the Orb.
     0 | D:1      | Reached XP level 1. HP: 16/16 MP: 1/1
   171 | D:1      | Gained mutation: You have large cloven feet. [demonic
                  | ancestry]
   171 | D:1      | Reached XP level 2. HP: 20/22 MP: 2/2
   469 | D:2      | Reached XP level 3. HP: 18/28 MP: 3/3
   894 | D:2      | Found a sacrificial altar of Ru.
   903 | D:2      | Reached XP level 4. HP: 32/37 MP: 4/4
   962 | D:2      | Found a snail-covered altar of Cheibriados.
  1002 | D:2      | Found a shattered altar of Ashenzari.
  1044 | D:2      | Became a worshipper of Cheibriados the Contemplative
  1064 | D:2      | Found an ancient bone altar of Kikubaaqudgha.
  1579 | D:3      | Noticed Natasha
  1595 | D:3      | Killed Natasha
  1595 | D:3      | Reached skill level 1 in Unarmed Combat
  1595 | D:3      | Gained mutation: You are partially covered in slimy green
                  | scales. (AC +2) [demonic ancestry]
  1595 | D:3      | Reached XP level 5. HP: 22/43 MP: 5/5
  1737 | D:3      | Found a glowing silver altar of Zin.
  1785 | D:3      | Reached * piety under Cheibriados
  2064 | D:3      | Noticed Natasha
  2081 | D:3      | Killed Natasha
  2081 | D:3      | Reached skill level 2 in Unarmed Combat
  2184 | D:3      | Noticed Robin
  2191 | D:3      | Killed Robin
  2336 | D:4      | Reached skill level 3 in Unarmed Combat
  2350 | D:4      | Noticed Grinder
  2353 | D:4      | Gained mutation: You are resistant to hostile enchantments.
                  | (MR+) [potion of mutation]
  2353 | D:4      | Gained mutation: You have an increased reservoir of magic.
                  | (+10% MP) [potion of mutation]
  2389 | D:4      | Killed Grinder
  2389 | D:4      | Reached skill level 4 in Unarmed Combat
  2389 | D:4      | Gained mutation: You have hoof-like feet. [demonic
                  | ancestry]
  2389 | D:4      | Reached XP level 6. HP: 32/49 MP: 6/6
  2495 | D:4      | Found a stormy altar of Qazlal.
  2582 | D:4      | Reached skill level 5 in Unarmed Combat
  2582 | D:4      | Reached XP level 7. HP: 7/55 MP: 7/7
  2718 | D:4      | Found a bloodstained altar of Trog.
  2742 | D:4      | Reached ** piety under Cheibriados
  2906 | D:4      | Reached skill level 6 in Unarmed Combat
  3092 | D:5      | Entered Level 5 of the Dungeon
  3132 | D:5      | Reached skill level 1 in Invocations
  3380 | D:5      | Found Rimewin's Book Shop.
  3417 | D:5      | Gained mutation: You are immune to rotting. [demonic
                  | ancestry]
  3417 | D:5      | Reached XP level 8. HP: 46/61 MP: 11/11
  3560 | D:5      | Noticed Pikel
  3586 | D:5      | Killed Pikel
  3586 | D:5      | Reached skill level 5 in Fighting
  3586 | D:5      | Reached skill level 5 in Invocations
  3734 | D:5      | Noticed Prince Ribbit
  3968 | D:5      | Killed Prince Ribbit
  3968 | D:5      | Reached skill level 5 in Dodging
  3987 | D:6      | Gained mutation: When hurt, damage is shared between your
                  | health and your magic reserves. [demonic ancestry]
  3987 | D:6      | Reached XP level 9. HP: 68/68 MP: 15/15
  4043 | D:6      | Reached *** piety under Cheibriados
  4100 | D:6      | Reached skill level 7 in Unarmed Combat
  4266 | D:6      | Noticed Menkaure
  4273 | D:6      | Killed Menkaure
  4273 | D:6      | Killed from afar by a gnoll

Vault maps used:
D:1:      minmay_arrival_solitary_statue
D:2:      lemuel_doored_altar, ashenzari_altar_1,
          nicolae_overflow_crystal_walls, serial_rivers,
          chequers_serial_rivers_marsh, chequers_serial_rivers_micro_e,
          chequers_serial_rivers_micro_a, chequers_serial_rivers_large_b,
          chequers_serial_rivers_room_b, chequers_serial_rivers_room_a,
          nicolae_ru_great_annihilating_truth
D:3:      zin_statuary, first_ration, uniq_robin, uniq_natasha
D:4:      marbit_many_paths, nicolae_qazlal_general_emergency, uniq_grinder
D:5:      serial_shops, shop, uniq_prince_ribbit1, uniq_pikel
D:6:      uniq_menkaure

Skill      XL: |  1  2  3  4  5  6  7  8  9 |
---------------+----------------------------+-----
Staves         | 3 |  3.3
Fighting       | 4 5 |  5.7
Unarmed Combat | 1 4 5 6 7 |  7.0
Invocations    | 3 6 |  6.8
Dodging        | 3 5 |  5.5
Throwing       | |  1.7

Action                   |  1- 3 |  4- 6 |  7- 9 || total
-------------------------+-------+-------+-------++-------
Melee: Quarterstaff      |    93 |    27 |       ||   120
       Kick              |    19 |    67 |    78 ||   164
       Unarmed           |       |   188 |   178 ||   366
       Punch             |       |     1 |    15 ||    16
Throw: Throwing net      |       |     3 |     1 ||     4
Evoke: Wand              |       |     2 |       ||     2
  Use: Potion            |     1 |     4 |     1 ||     6
       Scroll            |       |     4 |     6 ||    10
 Stab: Paralysed         |       |     1 |       ||     1
  Eat: Chunk             |       |     4 |     3 ||     7
Armor: Leather armour    |    31 |    59 |    40 ||   130
Dodge: Dodged            |    82 |   166 |    99 ||   347

Table legend:
 A = Non-vault XP
 B = Vault XP
 C = Vault XP percentage of total XP
 D = Non-vault monster count
 E = Vault monster count
 F = Vault count percentage of total count
                 A         B        C        D         E       F
            +---------+---------+-------+---------+---------+-------
      Total |    1878 |    1455 |  43.7 |     100 |      20 |  16.7
            +---------+---------+-------+---------+---------+-------
        D:1 |      28 |       0 |   0.0 |      17 |       0 |   0.0
        D:2 |      91 |      41 |  31.1 |      25 |       4 |  13.8
        D:3 |      60 |      71 |  54.2 |      13 |      12 |  48.0
        D:4 |     341 |     393 |  53.5 |      16 |       2 |  11.1
        D:5 |     782 |     950 |  54.8 |      20 |       2 |   9.1
        D:6 |     576 |       0 |   0.0 |       9 |       0 |   0.0
            +---------+---------+-------+---------+---------+-------
